Arrhythmia, chaotic female vampiric Convict -------- --- --- |......| --- ----.---.-- --- |...-..----.| |.....|...| |..---.-.||..%...---------.)......| --.....-|.|--._.................--.| --......--.| --@.------------....---- |..........-- -h.- |..--..| | ---.[....| --.--|..| |......| --.-- ---- --- |......-- --..| ---.------%.....| |...---- --...^|.---......| |......| ---.......*^......-| --.....| --..........>.......-- ---- |..---- |....----..--........| --...--.-- | -- --------------....| ------<......| |.......| |...................................-- -.....---- --......-- -- ----- ---------------.....| .....-- -.......| --...-- |.....| |........| ----- --..--- --.---.--- ---- -- --- Arrhythmia the Jail-bird Experience level: 6 Strength: 15 Dexterity: 14 Constitution: 18 Intelligence: 12 Wisdom: 9 Charisma: 8 Health: 0(52) Energy: 34(34) AC: 4 Gold: 330 Moves: 1755 Your Inventory: Coins $ - 330 gold pieces Armor b - a cursed +0 striped shirt (being worn) e - an [uncursed] +3 iron skull cap [orcish helm] (being worn) j - an [uncursed] +0 pair of hard shoes [iron] (being worn) k - an [uncursed] +0 hooded cloak [dwarvish] (being worn) o - an [uncursed +0] Hawaiian shirt Scrolls h - an [uncursed] scroll labeled ABRA KA DABRA [of enchant weapon] p - an [uncursed] scroll labeled XIXAXA XOXAXA XUXAXA [of taming] q - a [cursed] scroll labeled PRATYAVAYAH [of gold detection] Wands r - an [uncursed] orichalcum wand [of locking (0:7)] s - an [uncursed] wand called nohold [of make invisible (0:7)] Tools m - an [uncursed] looking glass [mirror] n - an [uncursed] pair of lenses (being worn) u - an [uncursed] lock pick Iron balls c - an uncursed heavy iron ball (chained to you) Spells known in the end: Name Level Category Fail Memory Your skills at the end: Fighting Skills Weapon Skills sling [Basic / Skilled] Spellcasting Skills Final Attributes: You were devoutly aligned. Hunger level was 899. Your alignment was 17 / 18. Monster difficulty range was 0 - 5. Level difficulty was 4. You were immune to level-drain. You were immune to sickness. You were punished. You could fly. You could survive without air. You regenerated. Your luck was zero. You are dead. Vanquished creatures: a gnome lord a gnomish wizard a black naga hatchling a baby crocodile a floating eye 3 dwarves a hobbit 2 large kobolds a green mold 17 gnomes 8 jackals 5 goblins 2 sewer rats 2 grid bugs 2 bats 7 lichens a kobold zombie 4 newts 60 creatures vanquished. Voluntary challenges: You went without food. You never hit with a wielded weapon. You read items or engraved 3 times. You put on armor 4 times. You never genocided any monsters. You never polymorphed an object. You never changed form. You used no wishes. You abstained from Elbereth's help. You never encountered a bones level. You never used any Sokoban shortcuts. Dungeon overview: The Dungeons of Doom: levels 1 to 2 Level 1 an altar to Tymora a long staircase Level 2 a fountain stairs to The Gnomish Mines The Gnomish Mines: levels 3 to 4 Level 3 stairs to The Dungeons of Doom Level 4 <- You were here History has recorded: On T:1 you entered the Dungeons of Doom to retrieve the Amulet of Yendor! On T:219 you advanced to experience level 2. On T:268 you reached level 2 of The Dungeons of Doom. On T:814 you advanced to experience level 3. On T:1022 you advanced to experience level 4. On T:1039 you reached level 1 of The Gnomish Mines. On T:1087 you advanced to experience level 5. On T:1351 you advanced to experience level 6. On T:1571 you reached level 2 of The Gnomish Mines. Latest messages: [HP-4=15] [HP+1=16] The dwarf swings his broad pick. The dwarf just misses! [HP+1=17] [HP+1=18] The dwarf swings his broad pick. The dwarf hits! You regain consciousness. [HP-3=15] [10 turns] You begin praying to Tymora. You are surrounded by a shimmering light. The dwarf starts to attack you, but pulls back. You finish your prayer. You feel that Tymora is well-pleased. Your stomach feels content. [3 turns] You miss the dwarf. (2x) The dwarf swings his broad pick. The dwarf hits! You die... Final status: Goodbye Arrhythmia the Convict... You died in The Gnomish Mines on dungeon level 4 with 1613 points, and 330 pieces of gold, after 1755 moves. You were level 6 with a maximum of 52 hit points when you died.